PCL
SANTA MONICA BRUINS @ MEXICO CITY CERVECEROS
04/23/2024
 
TOP OF THE 1ST
Santa Monica Bruins batting - Pitching for Mexico City Cerveceros : RHP Roberto Matoza
Pitching: RHP Roberto Matoza
Batting: RHB Iván De Jesús 0-0: Ball
1-0: Ball
2-0: Called Strike
2-1: SINGLE (Line Drive, 56)
Batting: RHB Mark Hosley 0-0: Called Strike
0-1: Ball
1-1: Ball
2-1: Ball
3-1: Foul Ball, location: 2F
3-2: Foul Ball, location: 2F
3-2: Grounds into double play, 6-4-3 (Groundball, 6)
Batting: LHB Patrick Osborne 0-0: Ball
1-0: Called Strike
1-1: Ball
2-1: Called Strike
2-2: Ball
3-2: Foul Ball, location: 2F
3-2: Foul Ball, location: 2F
3-2: SOLO HOME RUN (Flyball, 9LD), Distance : 328 ft
Batting: LHB Pablo Rivas 0-0: Called Strike
0-1: Swinging Strike
0-2: Strikes out swinging
Top of the 1st over - 1 run(s), 2 hit(s), 0 error(s), 0 left on base; Santa Monica 1 - Mexico City 0
BOTTOM OF THE 1ST
Mexico City Cerveceros batting - Pitching for Santa Monica Bruins : LHP Yasuyuki Ishii
Pitching: LHP Yasuyuki Ishii
Batting: RHB Henning Huisman 0-0: Fly out, F9 (Flyball, 9LD)
Batting: RHB Tae-kwon Kwon 0-0: Called Strike
0-1: Foul Ball, location: 2F
0-2: Foul Ball, location: 2F
0-2: Fly out, F5 (Line Drive, 5)
Batting: LHB Robinson Fernández 0-0: Ball
1-0: Called Strike
1-1: Called Strike
1-2: Foul Ball, location: 2F
1-2: Fly out, F9 (Flyball, 89D)
Bottom of the 1st over - 0 run(s), 0 hit(s), 0 error(s), 0 left on base; Santa Monica 1 - Mexico City 0
TOP OF THE 2ND
Santa Monica Bruins batting - Pitching for Mexico City Cerveceros : RHP Roberto Matoza
Batting: LHB Germán Charfauros 0-0: Called Strike
0-1: Foul Ball, location: 2F
0-2: Ball
1-2: Strikes out swinging
Batting: RHB Juan Acuńa 0-0: Called Strike
0-1: Swinging Strike
0-2: Fly out, F6 (Popup, 5)
Batting: LHB Ken Poche 0-0: Called Strike
0-1: SINGLE (Groundball, 15) (infield hit)
Batting: RHB Armando Méndez 0-0: SINGLE (Groundball, 5D)
Ken Poche to second
Batting: LHB Greg Schultz 0-0: Foul Ball, location: 2F
0-1: Called Strike
0-2: Ball
1-2: Ball
2-2: Ground out 4-3 (Groundball, 4)
Top of the 2nd over - 0 run(s), 2 hit(s), 0 error(s), 2 left on base; Santa Monica 1 - Mexico City 0
BOTTOM OF THE 2ND
Mexico City Cerveceros batting - Pitching for Santa Monica Bruins : LHP Yasuyuki Ishii
Batting: RHB Dave Morgan 0-0: Foul Ball, location: 2F
0-1: Foul Ball, location: 2F
0-2: Ball
1-2: Foul Ball, location: 2F
1-2: Foul Ball, location: 2F
1-2: Ball
2-2: Foul Ball, location: 2F
2-2: Ball
3-2: SINGLE (Line Drive, 7LS)
Batting: RHB Iván Gonzáles 0-0: Called Strike
0-1: Ball
1-1: Fly out, F9 (Flyball, 9S)
Batting: LHB Eduardo Gómez 0-0: 2-RUN HOME RUN (Flyball, 8RXD), Distance : 432 ft
Batting: LHB Brandon Cummings 0-0: Swinging Strike
0-1: Fly out, F7 (Flyball, 7LM)
Batting: RHB Reynold Akker 0-0: Swinging Strike
0-1: Ball
1-1: Ball
2-1: Foul Ball, location: 2F
2-2: Ball
3-2: Fly out, F1 (Line Drive, 13)
Bottom of the 2nd over - 2 run(s), 2 hit(s), 0 error(s), 0 left on base; Santa Monica 1 - Mexico City 2
TOP OF THE 3RD
Santa Monica Bruins batting - Pitching for Mexico City Cerveceros : RHP Roberto Matoza
Batting: RHB Iván De Jesús 0-0: Foul Ball, location: 2F
0-1: Ball
1-1: Ball
2-1: Called Strike
2-2: Foul Ball, location: 2F
2-2: SINGLE (Groundball, 56D) (infield hit)
Batting: RHB Mark Hosley 0-0: Ball
Iván De Jesús is caught stealing 2nd base
1-0: Fly out, F5 (Popup, 56S)
Batting: LHB Patrick Osborne 0-0: Ball
1-0: Ground out 1-3 (Groundball, 13S)
Top of the 3rd over - 0 run(s), 1 hit(s), 0 error(s), 0 left on base; Santa Monica 1 - Mexico City 2
BOTTOM OF THE 3RD
Mexico City Cerveceros batting - Pitching for Santa Monica Bruins : LHP Yasuyuki Ishii
Batting: LHB Javier Escobedo 0-0: Ball
1-0: Ball
2-0: SOLO HOME RUN (Flyball, 9LD), Distance : 321 ft
Batting: RHB Henning Huisman 0-0: Called Strike
0-1: Called Strike
0-2: Strikes out looking
Batting: RHB Tae-kwon Kwon 0-0: Ball
1-0: Foul Ball, location: 2F
1-1: Ball
2-1: Foul Ball, location: 2F
2-2: Ball
3-2: Foul Ball, location: 2F
3-2: Fly out, F7 (Flyball, 7D)
Batting: LHB Robinson Fernández 0-0: Hit by Pitch
Batting: RHB Dave Morgan 0-0: Called Strike
0-1: Ball
1-1: Ball
2-1: Ball
3-1: SINGLE (Groundball, 56D)
Robinson Fernández to second
Batting: RHB Iván Gonzáles 0-0: Called Strike
0-1: Ball
1-1: Fly out, F4 (Popup, 4MD)
Bottom of the 3rd over - 1 run(s), 2 hit(s), 0 error(s), 2 left on base; Santa Monica 1 - Mexico City 3
TOP OF THE 4TH
Santa Monica Bruins batting - Pitching for Mexico City Cerveceros : RHP Roberto Matoza
Batting: LHB Pablo Rivas 0-0: Ground out 4-3 (Groundball, 4)
Batting: LHB Germán Charfauros 0-0: Swinging Strike
0-1: Ground out 6-3 (Groundball, 6M)
Batting: RHB Juan Acuńa 0-0: Foul Ball, location: 2F
0-1: Called Strike
0-2: SINGLE (Groundball, 56)
Batting: LHB Ken Poche 0-0: Called Strike
0-1: Ball
1-1: Foul Ball, location: 2F
1-2: Strikes out swinging
Top of the 4th over - 0 run(s), 1 hit(s), 0 error(s), 1 left on base; Santa Monica 1 - Mexico City 3
BOTTOM OF THE 4TH
Mexico City Cerveceros batting - Pitching for Santa Monica Bruins : LHP Yasuyuki Ishii
Batting: LHB Eduardo Gómez 0-0: Called Strike
0-1: Swinging Strike
0-2: Ball
1-2: Ground out 4-3 (Groundball, 4)
Batting: LHB Brandon Cummings 0-0: Ball
1-0: Foul Ball, location: 2F
1-1: Ball
2-1: SINGLE (Line Drive, 9S)
Batting: RHB Reynold Akker 0-0: SINGLE (Groundball, 5D)
Brandon Cummings to second
Batting: LHB Javier Escobedo 0-0: Ball
1-0: Ball
2-0: Called Strike
2-1: Ball
3-1: Swinging Strike
3-2: Strikes out swinging
Batting: RHB Henning Huisman 0-0: Ball
1-0: Ball
2-0: Called Strike
2-1: Swinging Strike
2-2: Ball
3-2: Fly out, F5 (Popup, 5SF)
Bottom of the 4th over - 0 run(s), 2 hit(s), 0 error(s), 2 left on base; Santa Monica 1 - Mexico City 3
TOP OF THE 5TH
Santa Monica Bruins batting - Pitching for Mexico City Cerveceros : RHP Roberto Matoza
Batting: RHB Armando Méndez 0-0: Swinging Strike
0-1: Ball
1-1: Foul Ball, location: 2F
1-2: Ball
2-2: Foul Ball, location: 2F
2-2: Fly out, F9 (Flyball, 8RM)
Batting: LHB Greg Schultz 0-0: Foul Ball, location: 2F
0-1: Called Strike
0-2: Strikes out swinging
Batting: RHB Iván De Jesús 0-0: Ball
1-0: Ball
2-0: Ball
3-0: Base on Balls
Batting: RHB Mark Hosley 0-0: Ball
Iván De Jesús is caught stealing 2nd base
Top of the 5th over - 0 run(s), 0 hit(s), 0 error(s), 0 left on base; Santa Monica 1 - Mexico City 3
BOTTOM OF THE 5TH
Mexico City Cerveceros batting - Pitching for Santa Monica Bruins : LHP Yasuyuki Ishii
Batting: RHB Tae-kwon Kwon 0-0: Ball
1-0: Ball
2-0: Foul Ball, location: 2F
2-1: Ball
3-1: Foul Ball, location: 2F
3-2: Base on Balls
Batting: LHB Robinson Fernández 0-0: Foul Ball, location: 2F
0-1: Called Strike
0-2: Foul Ball, location: 2F
0-2: SINGLE (Line Drive, 34)
Tae-kwon Kwon to second
Batting: RHB Dave Morgan 0-0: Foul Ball, location: 2F
0-1: SINGLE (Groundball, 34D)
Tae-kwon Kwon to third
Robinson Fernández to second
Runner from 3rd tries for Home, SAFE, no throw or cutoff
Batting: RHB Iván Gonzáles 0-0: Ball
1-0: Grounds into double play, 5-4-3 (Groundball, 56)
Robinson Fernández to third
Batting: LHB Eduardo Gómez 0-0: Swinging Strike
0-1: 2-RUN HOME RUN (Flyball, 8RXD), Distance : 433 ft
Batting: LHB Brandon Cummings 0-0: Swinging Strike
0-1: Ball
1-1: Ground out U3 (Groundball, 3S)
Bottom of the 5th over - 3 run(s), 3 hit(s), 0 error(s), 0 left on base; Santa Monica 1 - Mexico City 6
TOP OF THE 6TH
Santa Monica Bruins batting - Pitching for Mexico City Cerveceros : RHP Roberto Matoza
Batting: RHB Mark Hosley 0-0: Called Strike
0-1: Foul Ball, location: 2F
0-2: Ball
1-2: Foul Ball, location: 2F
1-2: Foul Ball, location: 2F
1-2: Ball
2-2: SINGLE (Line Drive, 7LS)
Pitching: RHP Bartolo Muńóz
Batting: LHB Patrick Osborne 0-0: Fielders Choice at 2nd, 5-4 (Groundball, 56)
Batting: LHB Pablo Rivas 0-0: Ball
Patrick Osborne steals 2nd base
1-0: Ball
2-0: Called Strike
2-1: Swinging Strike
2-2: SINGLE (Line Drive, 8LS)
Patrick Osborne to third
Batting: LHB Germán Charfauros 0-0: Ball
1-0: Called Strike
1-1: Fly out, F2 (Popup, 2L)
Batting: RHB Juan Acuńa 0-0: Swinging Strike
0-1: Swinging Strike
0-2: Strikes out looking
Top of the 6th over - 0 run(s), 2 hit(s), 0 error(s), 2 left on base; Santa Monica 1 - Mexico City 6
BOTTOM OF THE 6TH
Mexico City Cerveceros batting - Pitching for Santa Monica Bruins : LHP Yasuyuki Ishii
Pitching: RHP José Castro
Batting: RHB Reynold Akker 0-0: Called Strike
0-1: Ball
1-1: Ball
2-1: Ball
3-1: Base on Balls
Batting: LHB Javier Escobedo 0-0: Called Strike
0-1: Fielders Choice at 2nd, 4-6 (Groundball, 4)
Batting: RHB Henning Huisman 0-0: Foul Ball, location: 2F
0-1: Swinging Strike
0-2: Ball
1-2: Foul Ball, location: 2F
1-2: Strikes out swinging
Batting: RHB Tae-kwon Kwon 0-0: Ground out 5-3 (Groundball, 5)
Bottom of the 6th over - 0 run(s), 0 hit(s), 0 error(s), 1 left on base; Santa Monica 1 - Mexico City 6
TOP OF THE 7TH
Santa Monica Bruins batting - Pitching for Mexico City Cerveceros : RHP Bartolo Muńóz
Batting: LHB Ken Poche 0-0: Called Strike
0-1: Ball
1-1: Ball
2-1: Foul Ball, location: 2F
2-2: Strikes out looking
Batting: RHB Armando Méndez 0-0: Foul Ball, location: 2F
0-1: Ball
1-1: Foul Ball, location: 2F
1-2: Strikes out swinging
Batting: LHB Greg Schultz 0-0: SINGLE (Line Drive, 34)
Batting: RHB Iván De Jesús 0-0: Foul Ball, location: 2F
0-1: Ball
1-1: Ground out 5-3 (Groundball, 5S)
Top of the 7th over - 0 run(s), 1 hit(s), 0 error(s), 1 left on base; Santa Monica 1 - Mexico City 6
BOTTOM OF THE 7TH
Mexico City Cerveceros batting - Pitching for Santa Monica Bruins : RHP José Castro
Batting: LHB Robinson Fernández 0-0: Foul Ball, location: 2F
0-1: Fly out, F7 (Flyball, 7LM)
Batting: RHB Dave Morgan 0-0: Ball
1-0: Swinging Strike
1-1: Foul Ball, location: 2F
1-2: Ball
2-2: Ball
3-2: Fly out, F9 (Flyball, 9D)
Batting: RHB Iván Gonzáles 0-0: Foul Ball, location: 2F
0-1: Ball
1-1: Ball
2-1: Ball
3-1: Base on Balls
Batting: LHB Eduardo Gómez 0-0: Ball
1-0: Ball
2-0: Ball
3-0: Called Strike
3-1: Base on Balls
Iván Gonzáles to second
Batting: LHB Brandon Cummings 0-0: Ball
1-0: Called Strike
1-1: Ball
2-1: Fly out, F6 (Popup, 6MD)
Bottom of the 7th over - 0 run(s), 0 hit(s), 0 error(s), 2 left on base; Santa Monica 1 - Mexico City 6
TOP OF THE 8TH
Santa Monica Bruins batting - Pitching for Mexico City Cerveceros : RHP Bartolo Muńóz
Pitching: RHP Glen Brewer
Now in LF: Jesús Núńez
Batting: RHB Mark Hosley 0-0: Ball
1-0: SINGLE (Line Drive, 34)
Batting: LHB Patrick Osborne 0-0: Ball
1-0: Ball
2-0: Called Strike
2-1: Foul Ball, location: 2F
2-2: Foul Ball, location: 2F
2-2: Strikes out swinging
Batting: LHB Pablo Rivas 0-0: Called Strike
0-1: Foul Ball, location: 2F
0-2: Ball
1-2: Ball
2-2: Strikes out swinging
Batting: LHB Germán Charfauros 0-0: Swinging Strike
0-1: Ball
1-1: Called Strike
1-2: Ball
2-2: Fly out, F7 (Flyball, 7S)
Top of the 8th over - 0 run(s), 1 hit(s), 0 error(s), 1 left on base; Santa Monica 1 - Mexico City 6
BOTTOM OF THE 8TH
Mexico City Cerveceros batting - Pitching for Santa Monica Bruins : RHP José Castro
Pitching: RHP Mark Ross
Batting: RHB Reynold Akker 0-0: Ball
1-0: Called Strike
1-1: Foul Ball, location: 2F
1-2: Foul Ball, location: 2F
1-2: Ball
2-2: SINGLE (Groundball, 56D)
Batting: LHB Javier Escobedo 0-0: Bunt missed!
0-1: Bunted foul
0-2: Foul Ball, location: 2F
0-2: Foul Ball, location: 2F
0-2: Fly out, F7 (Flyball, 7LDF)
Batting: RHB Henning Huisman 0-0: Foul Ball, location: 2F
0-1: Ball
1-1: Called Strike
1-2: Foul Ball, location: 2F
1-2: Ball
2-2: Strikes out swinging
Batting: RHB Tae-kwon Kwon 0-0: Ground out 4-3 (Groundball, 4)
Bottom of the 8th over - 0 run(s), 1 hit(s), 0 error(s), 1 left on base; Santa Monica 1 - Mexico City 6
TOP OF THE 9TH
Santa Monica Bruins batting - Pitching for Mexico City Cerveceros : RHP Glen Brewer
Pitching: RHP Ernesto Beltrán
Now at 2B: Ricardo Márquez
Now in CF: Víctor Carrillo
Batting: RHB Juan Acuńa 0-0: Called Strike
0-1: Ball
1-1: Ball
2-1: Ball
3-1: Called Strike
3-2: Foul Ball, location: 2F
3-2: Foul Ball, location: 2F
3-2: Strikes out swinging
Batting: LHB Ken Poche 0-0: Foul Ball, location: 2F
0-1: Foul Ball, location: 2F
0-2: Ball
1-2: Ball
2-2: Strikes out looking
Batting: RHB Armando Méndez 0-0: Ball
1-0: Ball
2-0: Ball
3-0: Foul Ball, location: 2F
3-1: Base on Balls
Batting: LHB Greg Schultz 0-0: Called Strike
0-1: Ball
1-1: Ball
2-1: Ground out 6-3 (Groundball, 6)
Top of the 9th over - 0 run(s), 0 hit(s), 0 error(s), 1 left on base; Santa Monica 1 - Mexico City 6
This league is powered by Out of the Park Baseball, the baseball management simulation game for PC, Mac and Linux
Saturday, April 9th, 2016 - OOTP Baseball 16.8 Build 38